 Dungeon Crawl Stone Soup version 0.21.1-1-g345015f (webtiles) character file.

398 BentWookie the Cudgeler (level 6, -2/61 HPs)
             Began as a Troll Berserker on June 22, 2018.
             Was a Priest of Trog.
             Engulfed by a cloud of flame (15 damage)
             ... on level 4 of the Dungeon.
             The game lasted 00:23:29 (3333 turns).

BentWookie the Cudgeler (Troll Berserker)           Turns: 3333, Time: 00:23:35

Health: -2/61      AC:  6    Str: 27    XL:     6   Next: 53%
Magic:  5/5        EV: 11    Int:  3    God:    Trog [***...]
Gold:   156        SH:  0    Dex: 12    Spells: 5/5 levels left

rFire    . . .     SeeInvis .   s - +3 hand axe (venom)
rCold    . . .     Gourm    +   (no shield)
rNeg     . . .     Faith    .   b - +1 animal skin
rPois    .         Spirit   .   (helmet restricted)
rElec    .         Reflect  .   (no cloak)
rCorr    .         Harm     .   (gloves unavailable)
MR       .....     Rnd*Rage +   (boots unavailable)
Stlth    +.........             (no amulet)
HPRegen  0.60/turn              (no ring)
MPRegen  0.09/turn              (no ring)

@: hasted (expiring), very quick
A: large, unfitting armour, claws 3, agile 1, berserk 1, fast metabolism 3,
gourmand, regeneration 1, shaggy fur 1, tough skin 2
a: Berserk, Trog's Hand, Burn Spellbooks, Renounce Religion


You were on level 4 of the Dungeon.
You worshipped Trog.
Trog was most pleased with you.
You were very full.

You visited 1 branch of the dungeon, and saw 4 of its levels.

You collected 156 gold pieces.

Inventory:

Hand Weapons
 a - a +0 mace
 o - a +0 flail
 p - a +0 hand axe
 s - a +3 hand axe of venom (weapon)
 u - a +0 trident
Armour
 b - a +1 animal skin (worn)
 d - a +0 leather armour
Jewellery
 q - an uncursed ring of wizardry {unknown}
Wands
 n - a wand of iceblast (8)
Scrolls
 k - a scroll of immolation
 l - a scroll of amnesia
Potions
 e - 2 potions of haste
 j - a potion of heal wounds {unknown}
 m - a potion of lignification {unknown}
 t - a potion of cancellation {unknown}
Comestibles
 c - 6 rations


   Skills:
 + Level 3.1 Fighting
 + Level 0.2(3.0) Axes
 * Level 5.4 Maces & Flails
 + Level 3.7 Dodging
 + Level 0.2 Stealth


You had 5 spell levels left.
You didn't know any spells.

Dungeon Overview and Level Annotations

Branches:
Dungeon (4/15)
 Temple: D:4-7

Altars:
Dithmenos
Fedhas
Nemelex Xobeh
Uskayaw
Vehumet
Wu Jian
Zin


Innate Abilities, Weirdness & Mutations

You are too large for most types of armour.
You have claws for hands.
Your metabolism is lightning-fast.
You like to eat raw meat.
Your natural rate of healing is unusually fast.
You are covered in fur. (AC +1)
You have very tough skin. (AC +2)
You are agile. (Dex +2)
You tend to lose your temper in combat.


Message History

You closely miss Ijyb.
Ijyb is heavily wounded.
Ijyb closely misses you.
You hit Ijyb but do no damage.
Ijyb looks as sick as possible!
Ijyb is heavily wounded.
You hit Ijyb but do no damage.
Ijyb looks as sick as possible!
Ijyb is heavily wounded.
Your extra speed is starting to run out.
Ijyb hits you.
You hit Ijyb.
Ijyb is severely wounded.
Ijyb hits you but does no damage.
You hit Ijyb.
Ijyb explodes!
The fiery explosion engulfs you!
Ouch! That really hurt!
* * * LOW HITPOINT WARNING * * *
Trog accepts your kill.
You are engulfed in blazing flames.
You die...

#.............#
#............##
#............#
#......#######
#......#
#......#
#......#
#......#
#...§@§+
#...§§§#
#...§§§#
#......#
#...[..#
#......#
#......+
#......#
#......#


There were no monsters in sight!

Vanquished Creatures
  The ghost of camelman the Conjurer, an amateur HuCj of Qazlal (D:3)
  2 orc priests (D:3)
  3 orc wizards (D:3)
  Ijyb (D:4)
  7 adders
  An ooze (D:1)
  2 worms
  2 dart slugs
  2 leopard geckos
  7 orcs (D:3)
  9 bats
  A giant cockroach (D:2)
  7 goblins
  6 hobgoblins
  7 jackals
  5 kobolds
  3 quokkas (D:3)
  A ball python (D:3)
  4 frilled lizards
  5 rats
76 creatures vanquished.

Notes
Turn   | Place    | Note
-------+----------+-------------------------------------------
     0 | D:1      | BentWookie the Troll Berserker began the quest for the Orb.
     0 | D:1      | Reached XP level 1. HP: 22/22 MP: 0/0
   325 | D:1      | Reached XP level 2. HP: 29/29 MP: 1/1
   427 | D:1      | Reached skill level 3 in Maces & Flails
  1228 | D:2      | Reached XP level 3. HP: 36/36 MP: 2/2
  1281 | D:2      | Found a sparkling altar of Nemelex Xobeh.
  1281 | D:2      | Found a radiant altar of Vehumet.
  1281 | D:2      | Found a hide-covered altar of Uskayaw.
  1302 | D:2      | Reached ** piety under Trog
  2114 | D:3      | Reached XP level 4. HP: 34/44 MP: 3/3
  2169 | D:3      | Reached skill level 4 in Maces & Flails
  2336 | D:3      | Reached XP level 5. HP: 34/52 MP: 4/4
  2392 | D:3      | Reached *** piety under Trog
  2452 | D:3      | Found a shadowy altar of Dithmenos.
  2452 | D:3      | Found an ornate altar of the Wu Jian Council.
  2455 | D:3      | Found a blossoming altar of Fedhas.
  2483 | D:3      | Noticed camelman's ghost (amateur HuCj)
  2501 | D:3      | Killed camelman's ghost
  2567 | D:3      | Reached skill level 5 in Maces & Flails
  2567 | D:3      | Reached XP level 6. HP: 41/61 MP: 5/5
  3046 | D:3      | Found a glowing silver altar of Zin.
  3285 | D:3      | Gained mutation: You tend to lose your temper in combat. [potion of mutation]
  3285 | D:3      | Gained mutation: You are agile. (Dex +2) [potion of mutation]
  3312 | D:4      | Noticed Ijyb
  3333 | D:4      | Killed Ijyb
  3333 | D:4      | Engulfed by a cloud of flame

Skill      XL: |  1  2  3  4  5 |
---------------+----------------+-----
Maces & Flails | 3 4 5 |  5.4
Dodging        | 3 |  3.7
Fighting       | 3 |  3.1
Axes           | |  0.2
Stealth        | |  0.2

Action                   |  1- 3 |  4- 6 || total
-------------------------+-------+-------++-------
Melee: Mace              |   116 |    56 ||   172
       Flail             |       |    34 ||    34
       Hand axe          |       |    46 ||    46
Invok: Berserk           |     1 |     2 ||     3
  Use: Scroll            |       |     7 ||     7
       Potion            |       |     2 ||     2
 Stab: Sleeping          |     1 |       ||     1
  Eat: Chunk             |    26 |    13 ||    39
Armor: Animal skin       |    71 |    41 ||   112
Dodge: Dodged            |    89 |    57 ||   146
